 Dungeon Crawl Stone Soup version 0.30-a0-634-g8abc85282e (webtiles) character file.

Game seed: 2258554382153928144

83 Leeroy the Slasher (level 4, -3/23 (26) HPs)
             Began as a Tengu Warper on Jan 14, 2023.
             Slain by a hell rat (5 damage)
             ... in a sewer.
             The game lasted 00:04:29 (1827 turns).

Leeroy the Slasher (Tengu Warper)                   Turns: 1827, Time: 00:04:29

HP:   -3/23 (26)    AC:  3    Str: 12    XL:     4   Next: 44%
MP:   8/8           EV: 12    Int: 13    God:
Gold: 76            SH:  0    Dex: 15    Spells: 2/7 levels left

rFire   . . .      SeeInvis .    a - +0 falchion
rCold   . . .      Faith    .    (no shield)
rNeg    . . .      Spirit   .    b - +0 leather armour
rPois   .          Reflect  .    (helmet restricted)
rElec   .          Harm     .    (no cloak)
rCorr   .          Rampage  .    (no gloves)
Will    .....                    (boots unavailable)
Stlth   +                        (no amulet)
HPRegen 0.23/turn                (no ring)
MPRegen 0.11/turn                (no ring)

@: heavily drained
A: beak, talons 3
a: no special abilities


You were in a sewer.
You visited 1 branch of the dungeon, and saw 4 of its levels.
You also visited: Sewer.

You collected 76 gold pieces.

Inventory:

Hand Weapons
 a - a +0 falchion (weapon)
Missiles
 d - 6 boomerangs of dispersal
 j - 2 throwing nets
 m - 4 javelins
 s - 4 poisoned darts (quivered)
Armour
 b - a +0 leather armour (worn)
Scrolls
 c - a scroll of enchant armour {unknown}
 e - 4 scrolls of identify {unknown}
 f - a scroll of teleportation {unknown}
 i - a scroll of magic mapping {unknown}
 l - 2 scrolls of poison {unknown}
 p - a scroll of vulnerability {unknown}
 u - a scroll of enchant weapon {unknown}
Potions
 g - a potion of attraction {unknown}
 h - a potion of resistance {unknown}
 k - a potion of brilliance {unknown}
 n - a potion of cancellation {unknown}
 o - a potion of invisibility {unknown}
 q - a potion of haste {unknown}
 r - a potion of curing {unknown}
 t - a potion of lignification {unknown}


   Skills:
 - Level 2.0 Fighting
 + Level 5.0 Long Blades
 - Level 1.0 Throwing
 - Level 1.1 Armour
 - Level 2.1 Dodging
 - Level 2.0 Spellcasting
 - Level 2.4 Translocations


You had 2 spell levels left.
You knew the following spells:

 Your Spells              Type           Power      Damage    Failure   Level
a - Blink                 Tloc           14%        N/A       19%         2
b - Vhi's Electric Charg  Tloc/Air       8%         N/A       52%         3

Your spell library contained the following spells:

 Spells                   Type           Power      Damage    Failure   Level
 Sting                    Tmut/Pois      4%         1d3       32%         1
 Poisonous Vapours        Pois/Air       2%         N/A       43%         2
 Lesser Beckoning         Tloc           14%        N/A       34%         3
 Teleport Other           Tloc           7%         N/A       34%         3
 Manifold Assault         Tloc           7%         N/A       75%         4
 Olgreb's Toxic Radiance  Pois           1%         N/A       97%         4


Dungeon Overview and Level Annotations

Branches:
Dungeon (4/15)              Sewer (1/1)
 Temple: D:4-7

Altars:

Annotations:
D:2 1 runed translucent door, Crazy Yiuf
D:3 Grinder, Terence


Innate Abilities, Weirdness & Mutations

You have a beak for a mouth.
You have claws for feet.


Message History

Moving in this stuff is going to be slow.
A river rat comes into view.
A river rat is nearby!
You see here a river rat corpse.
Your unstable footing causes you to fumble your attack.
The river rat completely misses you. The river rat misses you.
You hit the river rat. You claw the river rat.
You kill the river rat!
Your Long Blades skill increases to level 5!
No target in view!
No target in view!
No target in view!
No target in view!
No target in view!
You enter the shallow water.
Moving in this stuff is going to be slow.
As you open the door, it creaks loudly!
A hell rat comes into view.
The hell rat roars deafeningly!
A river rat comes into view.
The hell rat moves out of view.
Found a ruby potion and 3 scrolls labelled GOT IGGEOTHROMEDD.
Found a gate leading back out of this place.
A river rat is nearby!
Found a murky yellow potion, a robe and a sedimented cyan potion.
The hell rat bites you.
You feel drained. The hell rat bites you.
There is an open door here.
You closely miss the hell rat. Your kick misses the hell rat.
The hell rat bites you.
You feel drained.
You barely miss the hell rat. Your kick misses the hell rat.
The hell rat bites you but does no damage.
You closely miss the hell rat. Your kick misses the hell rat.
The hell rat splashes around in the water.
The river rat barely misses you.
You closely miss the hell rat. Your kick misses the hell rat.
The hell rat bites you!
Ouch! That really hurt!
* * * LOW HITPOINT WARNING * * *
You feel drained.
You die...

.~....~ ##~.~
..## #..~##
~r~# ##~~##~
.~## #~~.#...
~.~#
#~.##?~~##..#
#~.#??~~~#r.#
#∩∩#∩!~~r@..#
#~.#[!~~~#~~#
#.~##!~~##.~#
#.~~#..~#~~~#
##.~##.##†.##
#~.~###.~.#
##...~~..##
#.~~..~~#
###.~~###


You could see a hell rat and a river rat.

Vanquished Creatures
  An adder (D:2)
  2 river rats (Sewer)
  A worm (D:2)
  A dart slug (D:2)
  3 endoplasms
  6 giant cockroaches
  5 hobgoblins
  4 quokkas
  5 ball pythons
  4 bats (D:1)
  2 frilled lizards
  2 goblins
  6 kobolds
  6 rats
48 creatures vanquished.

Notes
Turn   | Place    | Note
-------+----------+-------------------------------------------
     0 | D:1      | Leeroy the Tengu Warper began the quest for the Orb.
     0 | D:1      | Reached XP level 1. HP: 12/12 MP: 4/4
   211 | D:1      | Reached XP level 2. HP: 17/17 MP: 6/6
   222 | D:1      | Reached skill level 3 in Long Blades
   663 | D:1      | Learned a level 2 spell: Blink
   670 | D:2      | Reached XP level 3. HP: 13/21 MP: 7/7
   710 | D:2      | Found a faded altar of an unknown god.
   887 | D:2      | Reached skill level 4 in Long Blades
   964 | D:2      | Learned a level 3 spell: Vhi's Electric Charge
  1014 | D:3      | Noticed Grinder
  1096 | D:2      | Found a runed translucent door.
  1097 | D:2      | Noticed Crazy Yiuf
  1428 | D:3      | Noticed a black bear
  1488 | D:3      | Noticed Terence
  1720 | D:4      | Reached XP level 4. HP: 22/26 MP: 8/8
  1788 | D:4      | Found a glowing drain.
  1797 | Sewer    | Entered a sewer
  1818 | Sewer    | Reached skill level 5 in Long Blades
  1827 | Sewer    | Slain by a hell rat

Illustrated notes

Levels and vault maps discovered:
D:1:      ebering_hopf_link, layout_loops_ring
D:2:      layout_basic, basic_ecumenical_altar, uniq_crazy_yiuf_cottage
D:3:      layout_rooms, serial_shops, nicolae_lakefront_shop,
          serial_co_window_serial, co_window_cross_1, co_window_paths_a,
          co_window_corner_a, co_window_corner_a, co_window_cross_1,
          co_window_cross_3, co_window_unsneaky_path_e, co_window_cross_3,
          glass_columns_a, glass_columns_a, glass_columns_a, glass_columns_c,
          uniq_terence, uniq_jessica, uniq_grinder, uniq_robin
D:4:      layout_rooms, lemuel_doored_altar, gup_sewer_entry_pipe,
          minmay_fire_ice_demons, uniq_blork_the_orc, uniq_sigmund,
          uniq_menkaure
Sewer:    sewer_hellmonk_bad_rat

Skill      XL: |  1  2  3  4 |
---------------+-------------+-----
Long Blades    | 3 4 5 |  5.0
Fighting       | |  2.0
Throwing       | |  1.0
Armour         | |  1.1
Dodging        | |  2.1
Spellcasting   | |  2.0
Translocations | |  2.4

Action                   |  1- 3 |  4- 6 || total
-------------------------+-------+-------++-------
Melee: Falchion          |    93 |    21 ||   114
       Kick              |    22 |     5 ||    27
       Peck              |    12 |     1 ||    13
       Punch             |     1 |       ||     1
Throw: Dart              |     1 |       ||     1
       Boomerang         |     1 |       ||     1
 Cast: Blink             |     2 |       ||     2
  Use: Scroll            |     1 |       ||     1
 Stab: Sleeping          |     1 |       ||     1
Armor: Leather armour    |    21 |     4 ||    25
Dodge: Dodged            |    53 |    13 ||    66

Table legend: (Time is in decaauts)
 A = Elapsed time spent in this place.
 B = Non-inter-level travel time spent in this place.
 C = Inter-level travel time spent in this place.
 D = Time resting spent in this place.
 E = Time spent auto-exploring this place.
 F = Levels seen in this place.
 G = Mean time per level.
                   A        B        C        D        E       F      G
               +--------+--------+--------+--------+--------+-----+--------+
         Total |   1847 |   1745 |    102 |      5 |   1254 |   5 |  369.4 |
       Dungeon |   1811 |   1709 |    102 |      5 |   1249 |   4 |  452.8 |
         Sewer |     35 |     35 |      0 |      0 |      5 |   1 |   35.0 |
               +--------+--------+--------+--------+--------+-----+--------+

Top non-repeatable levels by time:
     D:2: 794 daAuts
     D:1: 669 daAuts
     D:4: 301 daAuts
     D:3: 45 daAuts
   Sewer: 35 daAuts
